 Dungeon Crawl Stone Soup version 0.30-a0-210-g01b79a254e (webtiles) character file.

Game seed: 11811827922294606010

27 sleeves the Conjurer (level 3, -3/22 HPs)
             Began as a Tengu Reaver on Oct 4, 2022.
             Succumbed to a gnoll's poison
             ... on level 2 of the Dungeon.
             The game lasted 00:01:01 (916 turns).

sleeves the Conjurer (Tengu Reaver)                  Turns: 916, Time: 00:01:02

Health: -3/22      AC:  5    Str: 12    XL:     3   Next: 10%
Magic:  16/16      EV: 11    Int: 15    God:
Gold:   127        SH:  0    Dex: 12    Spells: 5/6 levels left

rFire   . . .      SeeInvis .    a - +0 mace
rCold   . . .      Faith    .    (no shield)
rNeg    . . .      Spirit   .    c - +0 ring mail {rPois}
rPois   +          Reflect  .    (helmet restricted)
rElec   .          Harm     .    (no cloak)
rCorr   .          Rampage  .    (no gloves)
Will    .....                    (boots unavailable)
Stlth   +.........               (no amulet)
HPRegen 0.23/turn                m - ring of magical power
MPRegen 0.15/turn                (no ring)

@: lethally poisoned (-3 -> -25)
A: beak, talons 3
a: no special abilities


You were on level 2 of the Dungeon.
You visited 1 branch of the dungeon, and saw 2 of its levels.

You collected 127 gold pieces.

Inventory:

Hand Weapons
 a - a +0 mace (weapon)
Missiles
 f - a throwing net
Armour
 b - a +0 leather armour
 c - a +0 ring mail of poison resistance (worn)
   (You found it on level 1 of the Dungeon)
Jewellery
 m - a ring of magical power (left hand)
   (You found it on level 1 of the Dungeon)
Scrolls
 d - a scroll of blinking {unknown}
 e - 2 scrolls of identify {unknown}
 g - a scroll of teleportation {unknown}
 i - 2 scrolls of magic mapping {unknown}
 n - a scroll of vulnerability {unknown}
Potions
 h - a potion of cancellation {unknown}
 j - a potion of flight {unknown}
 k - a potion of attraction {unknown}
 l - a potion of might {unknown}
 o - a potion of heal wounds {unknown}


   Skills:
 + Level 2.5 Fighting
 + Level 3.7 Maces & Flails
 + Level 2.8 Dodging
 - Level 2.0 Spellcasting
 - Level 4.0 Conjurations


You had 5 spell levels left.
You knew the following spells:

 Your Spells              Type           Power      Damage    Failure   Level
a - Kiss of Death         Conj/Necr      28%        2d7       22%         1

Your spell library contained the following spells:

 Spells                   Type           Power      Damage    Failure   Level
 Momentum Strike          Conj/Tloc      14%        3d8       32%         2
 Hailstorm                Conj/Ice       7%         3d4       54%         3


Dungeon Overview and Level Annotations

Branches:
Dungeon (2/15)

Altars:

Shops:
D:1 ?


Innate Abilities, Weirdness & Mutations

You have a beak for a mouth.
You have claws for feet.


Message History

Welcome, sleeves the Tengu Reaver.
Everyone else who sought the Orb of Zot has failed.
Will you be different?
Press ? for a list of commands and other information.
Found a staircase leading out of the dungeon.
Okay, then.
You open the door.
There is an open door here.
There is an open door here.
You open the large door.
Found 5 stones.
There is a large open door here.
Found a stone staircase leading down.
You now have 15 gold pieces.
You now have 27 gold pieces (gained 12).
A frilled lizard comes into view.
A frilled lizard is nearby!
The frilled lizard closely misses you.
There is a stone staircase leading down here.
You closely miss the frilled lizard. The frilled lizard bites you.
You closely miss the frilled lizard. You peck the frilled lizard.
You kill the frilled lizard!
No target in view!
No target in view!
No target in view!
No target in view!
HP restored.
A bat comes into view.
Found a scroll labelled VID EPOGOUR.
A bat is nearby!
A bat is nearby!
A bat is nearby!
Found a scroll labelled YHOADE ROAKOR.
The bat hits you but does no damage.
You see here a +0 ring mail of poison resistance.
You closely miss the bat. You peck the bat.
The bat is severely wounded.
The bat hits you. The bat barely misses you.
You closely miss the bat. Your peck misses the bat.
The bat is severely wounded.
The bat barely misses you. The bat completely misses you.
Found 13 gold pieces.
The bat barely misses you.
You hit the bat.
You kill the bat!
No target in view!
No target in view!
You see here a +0 ring mail of poison resistance.
c - a +0 ring mail of poison resistance You start removing your armour.
You continue taking off your +0 leather armour. x4
You finish taking off your +0 leather armour.
You start putting on your armour.
You continue putting on your +0 ring mail of poison resistance. x5
You finish putting on your +0 ring mail of poison resistance.
You feel resistant to poison.
Found a stone staircase leading down.
A hobgoblin comes into view.
The hobgoblin shouts!
A hobgoblin is nearby!
A hobgoblin is nearby!
A bat comes into view.
A ball python comes into view.
The hobgoblin misses you.
You hit the hobgoblin. You claw the hobgoblin.
You kill the hobgoblin!
The bat barely misses you.
A goblin comes into view. It is wielding a +0 dagger.
The bat barely misses you. The bat hits you but does no damage.
You closely miss the ball python. You claw the ball python.
You kill the ball python!
The bat hits you but does no damage. x2
You hit the bat.
You kill the bat!
A goblin comes into view. It is wielding a +0 club.
The goblin shouts!
You hear a shout!
A kobold comes into view. It is wielding a +0 short sword.
You hit the goblin.
The goblin is severely wounded.
The goblin misses you. The goblin hits you but does no damage.
You closely miss the goblin. Your peck misses the goblin.
The goblin is severely wounded.
A bat comes into view.
The goblin hits you with a +0 club.
You barely miss the goblin. You claw the goblin.
You kill the goblin!
The goblin hits you but does no damage.
You miss the goblin. You claw the goblin.
The goblin is severely wounded.
The goblin hits you but does no damage. The bat barely misses you.
You hit the goblin.
You kill the goblin!
The bat hits you but does no damage.
You have reached level 2!
You hit the bat but do no damage. Your kick misses the bat.
The bat hits you but does no damage.
The kobold hits you with a +0 short sword.
The bat hits you but does no damage. The kobold hits you but does no damage.
You closely miss the bat. Your kick misses the bat.
The bat hits you but does no damage.
The kobold hits you with a +0 short sword.
You completely miss the kobold. You claw the kobold.
The kobold is moderately wounded.
The bat barely misses you.
The kobold hits you with a +0 short sword.
You are too injured to fight recklessly!
You are too injured to fight recklessly!
You are too injured to fight recklessly!
You are too injured to fight recklessly!
You are too injured to fight recklessly!
You are too injured to fight recklessly!
You are too injured to fight recklessly!
You are too injured to fight recklessly!
You are too injured to fight recklessly!
You hit the kobold.
You kill the kobold!
The bat hits you.
You barely miss the bat. You claw the bat.
The bat is heavily wounded.
The bat hits you.
* * * LOW HITPOINT WARNING * * *
The bat barely misses you.
You hit the bat.
You kill the bat!
d - a scroll labelled VID EPOGOUR
Found Qeumaid's Magic Scroll Boutique.
A goblin comes into view. It is wielding a +0 club.
The goblin shouts!
You see here a scroll labelled YHOADE ROAKOR.
A goblin is nearby!
A goblin is nearby!
You hit the goblin. Your kick misses the goblin. You peck the goblin.
You kill the goblin!
No target in view!
No target in view!
No target in view!
No target in view!
No target in view!
No target in view!
No target in view!
No target in view!
No target in view!
e - a scroll labelled YHOADE ROAKOR
There is an entrance to Qeumaid's Magic Scroll Boutique here.
You can access your shopping list by pressing '$'.
There is an abandoned shop here.
Found 4 poisoned darts.
You now have enough gold to buy a scroll of fear on this level.
You can access your shopping list by pressing '$'.
You now have 40 gold pieces (gained 13).
Found a ring mail.
f - a throwing net
Found a ring mail.
No target in view!
No target in view!
You see here a +0 ring mail.
A bat comes into view.
The bat barely misses you.
A bat is nearby!
A bat is nearby!
The bat closely misses you.
You miss the bat. The bat hits you. The bat hits you but does no damage.
The bat misses you.
You barely miss the bat. Your kick misses the bat.
The bat hits you but does no damage. x3
You barely miss the bat. You claw the bat.
You kill the bat!
No target in view!
No target in view!
No target in view!
No target in view!
A dart slug comes into view.
The dart slug launches a dart at you. The slug dart hits you.
A dart slug is nearby!
A dart slug is nearby!
You hit the dart slug. You claw the dart slug.
The dart slug is heavily wounded.
You barely miss the dart slug. You claw the dart slug. You peck the dart slug.
You kill the dart slug!
No target in view!
No target in view!
No target in view!
No target in view!
No target in view!
No target in view!
No target in view!
You now have 55 gold pieces (gained 15).
g - a scroll labelled WIAKEKK LUIMPU
Found a stone staircase leading down.
You now have 72 gold pieces (gained 17).
h - a murky grey potion No target in view!
No target in view!
No target in view!
No target in view!
A quokka comes into view.
Found 6 gold pieces.
A quokka is nearby!
A quokka is nearby!
You hit the quokka.
You kill the quokka!
No target in view!
No target in view!
No target in view!
No target in view!
No target in view!
No target in view!
No target in view!
You now have enough gold to buy a scroll of blinking on this level.
You can access your shopping list by pressing '$'.
You now have 78 gold pieces (gained 6).
A rat comes into view.
A rat is nearby!
A rat is nearby!
The rat bites you but does no damage.
You sock the rat!
You kill the rat!
No target in view!
No target in view!
No target in view!
No target in view!
You see here a rat corpse.
i - a scroll labelled BUECUEJ RACSUS A hobgoblin comes into view.
The hobgoblin shouts!
A hobgoblin is nearby!
The hobgoblin closely misses you.
You hit the hobgoblin.
The hobgoblin is severely wounded.
The hobgoblin hits you but does no damage. x2
You hit the hobgoblin.
You kill the hobgoblin!
No target in view!
No target in view!
No target in view!
No target in view!
No target in view!
You now have 92 gold pieces (gained 14).
A goblin comes into view. It is wielding a +0 dagger.
A goblin is nearby!
A goblin is nearby!
The goblin hits you but does no damage.
You closely miss the goblin. Your kick misses the goblin.
The goblin closely misses you.
You closely miss the goblin. The goblin hits you but does no damage.
You barely miss the goblin. You claw the goblin.
The goblin is moderately wounded.
The goblin barely misses you.
You hit the goblin.
You kill the goblin!
No target in view!
No target in view!
No target in view!
No target in view!
No target in view!
Things that are here:
a +0 dagger; a goblin corpse
j - a purple potion You now have 104 gold pieces (gained 12).
k - a glowing golden potion An endoplasm comes into view.
The endoplasm quivers.
The endoplasm barely misses you.
You hit the endoplasm.
The endoplasm is moderately wounded.
The endoplasm barely misses you.
You hit the endoplasm.
You kill the endoplasm!
No target in view!
No target in view!
No target in view!
No target in view!
No target in view!
No target in view!
l - a golden potion
e - 2 scrolls labelled YHOADE ROAKOR (gained 1)
You now have 112 gold pieces (gained 8).
You see here 5 stones.
There is a large open door here.
You open the door.
There is a large open door here.
There is an abandoned shop here.
There is an entrance to Qeumaid's Magic Scroll Boutique here.
An endoplasm comes into view.
The endoplasm quivers.
An endoplasm is nearby!
An endoplasm is nearby!
You hit the endoplasm.
The endoplasm is almost dead.
The endoplasm freezes you.
You are frozen.
You hit the endoplasm.
You kill the endoplasm!
No target in view!
No target in view!
A ball python comes into view.
Found a steel ring.
A ball python is nearby!
The ball python misses you. The ball python grabs you.
The ball python constricts you. The ball python barely misses you.
The ball python constricts you.
You sock the ball python!
You kill the ball python!
You have reached level 3!
Your experience leads to an increase in your attributes!
Increase (S)trength, (I)ntelligence, or (D)exterity?
You feel clever. x2
Found a ring mail.
A giant cockroach comes into view.
You see here a ring of magical power.
You feel your magic capacity increase.
m - a ring of magical power (left hand)
Found 9 gold pieces.
You barely miss the giant cockroach.
You claw the giant cockroach, but do no damage.
The giant cockroach bites you.
You barely miss the giant cockroach. You peck the giant cockroach.
The giant cockroach is heavily wounded.
The giant cockroach barely misses you.
The giant cockroach bites you but does no damage.
You hit the giant cockroach but do no damage.
Your kick misses the giant cockroach.
The giant cockroach is heavily wounded.
The giant cockroach bites you but does no damage.
You hit the giant cockroach.
You kill the giant cockroach!
No target in view!
No target in view!
No target in view!
No target in view!
Magic restored.
A ball python comes into view.
Found a scroll labelled FOMIAD SIMECW.
The ball python hisses angrily.
A ball python is nearby!
A ball python is nearby!
You barely miss the ball python. Your peck misses the ball python.
The ball python closely misses you. The ball python barely misses you.
The ball python bites you but does no damage.
The ball python closely misses you.
You closely miss the ball python. You peck the ball python.
You kill the ball python!
No target in view!
No target in view!
No target in view!
No target in view!
No target in view!
You see here a +0 ring mail.
You now have 121 gold pieces (gained 9).
n - a scroll labelled FOMIAD SIMECW You see here a +0 ring mail.
You open the large door.
You see here a +0 ring mail.
You see here a giant cockroach corpse.
Found a dagger.
You see here a +0 dagger.
You now have 127 gold pieces (gained 6).
i - 2 scrolls labelled BUECUEJ RACSUS (gained 1) Partly explored, can't reach some places.
Partly explored, can't reach some places.
No target in view!
No target in view!
No target in view!
No target in view!
No target in view!
No target in view!
No target in view!
Partly explored, can't reach some places.
Partly explored, can't reach some places.
Partly explored, can't reach some places.
(D) Dungeon
Where to? (? - help)
You see here a +0 dagger.
There is a stone staircase leading down here.
You climb downwards.
The goblin shouts!
There is a stone staircase leading up here.
A goblin is nearby!
A goblin is nearby!
A goblin is nearby!
A goblin is nearby!
Found a stone staircase leading down.
The goblin barely misses you.
You barely miss the goblin. Your punch misses the goblin.
The goblin hits you but does no damage.
You miss the goblin. The goblin hits you but does no damage.
You sock the goblin!
You kill the goblin!
No target in view!
No target in view!
No target in view!
No target in view!
No target in view!
Things that are here:
a +0 dagger; a goblin corpse
There is a stone staircase leading down here.
o - a bubbling purple potion
Found 4 stones.
A gnoll comes into view. It is wielding a +1 flail of venom.
The gnoll shouts!
You hear a shout!
You see here 12 gold pieces.
A gnoll is nearby!
A gnoll comes into view. It is wielding a +0 spear of flaming.
The gnoll shouts!
A gnoll comes into view. It is wielding a +0 whip.
The gnoll shouts!
You hit the gnoll. Your kick misses the gnoll.
The gnoll is moderately wounded.
The gnoll hits you with a +1 flail of venom.
You are poisoned.
You thump the gnoll! Your kick misses the gnoll.
The gnoll is almost dead.
You feel very sick. The gnoll closely misses you.
The gnoll hits you from afar with a +0 spear of flaming.
* * * LOW HITPOINT WARNING * * *
The gnoll burns you.
* * * LOW HITPOINT WARNING * * *
The gnoll misses you.
You are too injured to fight recklessly!
The gnoll attacks as you move away!
The gnoll hits you with a +1 flail of venom!
* * * LOW HITPOINT WARNING * * *
You are more poisoned.
You die...

#.# . #
#.###.##
#......#
#######.######
.............#
.######.#####.#
# #.#
#...#####.#
....ggg.@$#
#...####### #


You could see 3 gnolls.

Vanquished Creatures
  A dart slug (D:1)
  3 ball pythons (D:1)
  2 endoplasms (D:1)
  A giant cockroach (D:1)
  5 goblins
  2 hobgoblins (D:1)
  A quokka (D:1)
  4 bats (D:1)
  A frilled lizard (D:1)
  A kobold (D:1)
  A rat (D:1)
22 creatures vanquished.

Notes
Turn   | Place    | Note
-------+----------+-------------------------------------------
     0 | D:1      | sleeves the Tengu Reaver began the quest for the Orb.
     0 | D:1      | Reached XP level 1. HP: 12/12 MP: 4/4
    93 | D:1      | Reached XP level 2. HP: 17/17 MP: 6/6
    97 | D:1      | HP: 8/17 [bat (1)]
   142 | D:1      | Found Qeumaid's Magic Scroll Boutique.
   558 | D:1      | Reached XP level 3. HP: 22/22 MP: 7/7
   915 | D:2      | HP: 10/22 [gnoll/+0 spear of flaming (3)]
   916 | D:2      | HP: 1/22 [gnoll/+1 flail of venom (7)]
   916 | D:2      | Succumbed to a gnoll's poison

Illustrated notes

Levels and vault maps discovered:
D:1:      denvon_arrival_planthouse, layout_loops_ring, serial_shops,
          nicolae_shop_competitors_out_of_business, minmay_tiny_reverse_x
D:2:      layout_loops_ring, hellmonk_ecumenical_altar_leap_of_faith, uniq_robin

Action                   || total
-------------------------++-------
Melee: Mace              ||    49
       Kick              ||    11
       Peck              ||     6
Armor: Ring mail         ||    25
       Leather armour    ||     1
Dodge: Dodged            ||    29

Table legend: (Time is in decaauts)
 A = Elapsed time spent in this place.
 B = Non-inter-level travel time spent in this place.
 C = Inter-level travel time spent in this place.
 D = Time resting spent in this place.
 E = Time spent auto-exploring this place.
 F = Levels seen in this place.
 G = Mean time per level.
                   A        B        C        D        E       F      G
               +--------+--------+--------+--------+--------+-----+--------+
         Total |    925 |    873 |     52 |      0 |    724 |   2 |  462.5 |
       Dungeon |    925 |    873 |     52 |      0 |    724 |   2 |  462.5 |
               +--------+--------+--------+--------+--------+-----+--------+

Top non-repeatable levels by time:
     D:1: 854 daAuts
     D:2: 70 daAuts
